 Dungeon Crawl Stone Soup version 0.28-a0-512-g960c72b710 (webtiles) character file.

Game seed: 4441639507363176015

382 Murumi the Chucker (level 6, -2/61 HPs)
             Began as an Ogre Gladiator on Sept 22, 2021.
             Was an Initiate of Okawaru.
             Slain by an iguana (11 damage)
             ... on level 4 of the Dungeon.
             The game lasted 00:13:12 (4336 turns).

Murumi the Chucker (Ogre Gladiator)                 Turns: 4336, Time: 00:13:12

Health: -2/61      AC:  4    Str: 19    XL:     6   Next: 76%
Magic:  6/6        EV: 10    Int: 11    God:    Okawaru [......]
Gold:   129        SH:  0    Dex: 10    Spells: 5/5 levels left

rFire   . . .      SeeInvis .   l - +0 whip
rCold   . . .      Faith    .   (no shield)
rNeg    . . .      Spirit   .   b - +0 robe
rPois   .          Reflect  .   c - +1 hat
rElec   .          Harm     .   (no cloak)
rCorr   .          Rampage  .   (gloves unavailable)
Will    .....                   (boots unavailable)
Stlth   ++........              (no amulet)
HPRegen 0.20/turn               (no ring)
MPRegen 0.10/turn               (no ring)

@: no status effects
A: large, unfitting armour, tough skin 1
a: Renounce Religion


You were on level 4 of the Dungeon.
You worshipped Okawaru.
Okawaru was noncommittal.
You visited 1 branch of the dungeon, and saw 4 of its levels.

You collected 129 gold pieces.

Inventory:

Hand Weapons
 a - a +0 flail
 e - a +0 giant spiked club
 l - a +0 whip (weapon)
Missiles
 d - 3 throwing nets
 i - 52 stones (quivered)
 j - 6 poisoned darts
 m - 4 boomerangs
Armour
 b - a +0 robe (worn)
 c - a +1 hat (worn)
Scrolls
 n - a scroll of teleportation
Potions
 f - 2 potions of magic
 g - a potion of curing
 h - a potion of heal wounds
 k - a potion of attraction


   Skills:
 + Level 3.4 Fighting
 - Level 4.0 Maces & Flails
 - Level 4.0 Throwing
 - Level 1.0 Armour
 - Level 3.0 Dodging
 - Level 3.0 Stealth


You had 5 spell levels left.
You didn't know any spells.
Your spell library contained the following spells:

 Spells                   Type           Power      Damage    Failure   Level
 Slow                     Hex            0%         N/A       47%         2
 Confusing Touch          Hex            0%         N/A       71%         3
 Yara's Violent Unravell  Hex/Tmut       0%         3d3       100%        5
 Malign Gateway           Summ/Tloc      Unusable   N/A       N/A         7
 Summon Horrible Things   Summ           Unusable   N/A       N/A         8

Dungeon Overview and Level Annotations

Branches:
Dungeon (4/15)
 Temple: D:4-7

Altars:
Fedhas
Okawaru
Uskayaw

Shops:
D:1 =


Innate Abilities, Weirdness & Mutations

You are too large for most types of armour.
You have tough skin. (AC +1)


Message History

You hit the iguana.
The iguana is moderately wounded.
The iguana bites you!
You hit the iguana.
The iguana is heavily wounded.
The iguana bites you!
You barely miss the iguana.
The iguana is heavily wounded.
The iguana bites you!
You barely miss the iguana.
The iguana is heavily wounded.
The iguana misses you.
You closely miss the iguana.
The iguana is heavily wounded.
The iguana closely misses you.
You hit the iguana.
The iguana is heavily wounded.
The iguana misses you.
You hit the iguana.
The iguana is severely wounded.
The iguana completely misses you.
You hit the iguana but do no damage.
The iguana is severely wounded.
The iguana misses you.
You closely miss the iguana.
The iguana is severely wounded.
The iguana bites you.
You completely miss the iguana.
The iguana is severely wounded.
You hit the iguana.
The iguana is almost dead.
The iguana barely misses you.
You barely miss the iguana.
The iguana is almost dead.
The iguana bites you!
* * * LOW HITPOINT WARNING * * *
You closely miss the iguana.
The iguana is almost dead.
The iguana bites you!
You die...

########..# ..........#
#..# ..........# #..#
..........## #..#
...........# #..#
...........# #..#
...........# #..#
............ #).## #
..........#. ##.@.# .###
..........#..#...l#.....
..........##.#.._.(.!#
..........##.....##(.#
....#########....# .(###
....#########....##.....
....................##..
###...########.#.#####..
......................$.


You could see an iguana.

Vanquished Creatures
  2 ogres (D:4)
  A scorpion (D:2)
  Jessica (D:2)
  3 gnolls (D:2)
  3 adders
  An ufetubus (D:4)
  3 worms
  2 dart slugs (D:1)
  3 orcs
  4 ball pythons
  4 endoplasms
  3 giant cockroaches
  4 goblins
  10 hobgoblins
  3 jackals (D:2)
  3 quokkas
  4 bats
  3 kobolds
  3 rats
60 creatures vanquished.

Notes
Turn   | Place    | Note
-------+----------+-------------------------------------------
     0 | D:1      | Murumi the Ogre Gladiator began the quest for the Orb.
     0 | D:1      | Reached XP level 1. HP: 22/22 MP: 1/1
   354 | D:1      | Reached XP level 2. HP: 31/31 MP: 2/2
   697 | D:1      | Found Empist's Jewellery Shoppe.
   722 | D:1      | Reached skill level 1 in Stealth
   904 | D:1      | Found a faded altar of an unknown god.
   922 | D:1      | Reached XP level 3. HP: 34/37 MP: 3/3
  1695 | D:2      | Noticed a scorpion
  1702 | D:2      | Killed a scorpion
  1703 | D:2      | Reached skill level 1 in Armour
  1703 | D:2      | Reached XP level 4. HP: 34/45 MP: 4/4
  2018 | D:2      | Reached XP level 5. HP: 53/53 MP: 5/5
  2428 | D:2      | Noticed Jessica
  2440 | D:2      | Killed Jessica
  2820 | D:3      | Found a large runed translucent door.
  2821 | D:3      | Found a large runed translucent door.
  3610 | D:3      | Found a hide-covered altar of Uskayaw.
  3674 | D:3      | Found a blossoming altar of Fedhas.
  3856 | D:4      | Noticed an ogre
  3867 | D:4      | Killed an ogre
  3868 | D:4      | Reached XP level 6. HP: 61/61 MP: 6/6
  4301 | D:4      | Found an iron altar of Okawaru.
  4309 | D:4      | Became a worshipper of Warmaster Okawaru
  4336 | D:4      | Slain by an iguana

Illustrated notes

Levels and vault maps discovered:
D:1:      wheals_arrival_linesprint, layout_basic, serial_shops, shop_fountains,
          shapermc_ecumenical_altar_notcrosses, chequers_garden
D:2:      layout_basic, uniq_jessica
D:3:      layout_basic, jmf_multi_god_temple2, minmay_misc_feat_iff
D:4:      layout_basic, makhleb_heckhound_becter, overflow_temple_1_default,
          zin_scriptorium

Skill      XL: |  1  2  3  4  5  6 |
---------------+-------------------+-----
Fighting       | 3 |  3.4
Maces & Flails | 3 4 |  4.0
Dodging        | 3 |  3.0
Stealth        | 1 2 3 |  3.0
Armour         | 1 |  1.0
Throwing       | 3 4 |  4.0

Action                   |  1- 3 |  4- 6 || total
-------------------------+-------+-------++-------
Melee: Flail             |    89 |    83 ||   172
       Whip              |       |    34 ||    34
Throw: Dart              |     4 |    26 ||    30
       Stone             |       |    31 ||    31
       Throwing net      |       |     2 ||     2
  Use: Scroll            |     6 |     3 ||     9
 Stab: Sleeping          |     2 |     5 ||     7
Armor: Robe              |    40 |    30 ||    70
Dodge: Dodged            |    44 |    50 ||    94

Table legend: (Time is in decaauts)
 A = Elapsed time spent in this place.
 B = Non-inter-level travel time spent in this place.
 C = Inter-level travel time spent in this place.
 D = Time resting spent in this place.
 E = Time spent auto-exploring this place.
 F = Levels seen in this place.
 G = Mean time per level.
                   A        B        C        D        E       F      G
               +--------+--------+--------+--------+--------+-----+--------+
         Total |   4377 |   4114 |    263 |     56 |   3416 |   4 | 1094.2 |
       Dungeon |   4377 |   4114 |    263 |     56 |   3416 |   4 | 1094.2 |
               +--------+--------+--------+--------+--------+-----+--------+

Top non-repeatable levels by time:
     D:1: 1489 daAuts
     D:2: 1183 daAuts
     D:3: 1136 daAuts
     D:4: 567 daAuts
